AoeStats
← Monkey killer

Black Forest

507430426Analyzed
4v4 RM · 14d ago on Sep 18, 2026· 41m 51s· 8 players
Game mode
Random Map
Map size
Large (8 player)
Population
200
Speed
Normal
Resources
Standard
Victory
Conquest
Starting age
Dark Age
Ending age
Imperial Age
RankedLock teamsTeams togetherTeam positionsShared explorationLock speedFull tech treeHidden civsTurbo modeCheats
Victory
Defeat
🇨🇳 Goths · China
1244
+14
🇨🇳 Bohemians · China
1238
+14
🇨🇳 Burgundians · China
1211
+15
🇳🇵 Malay · Nepal
1236
-16
🇫🇷 Malians · France
1190
-14
🇨🇳 Britons · China
1189
-14
🇨🇳 Persians · China
1174
-14
我想给自己改个简单又不重复的名字
4:51 Loom
10:44 Feudal Age
11:50 Loom
14:50 Castle Age
12:50 Double-Bit Axe
16:19 Bow Saw
17:19 Horse Collar
18:53 Wheelbarrow
23:16 Gold Mining
27:34 Imperial Age
25:58 Treadmill Crane
26:45 Scale Barding Armor
26:50 Forging
26:44 Heavy Plow
28:12 Chain Barding Armor
28:38 Conscription
28:12 Cavalier
28:53 Husbandry
29:03 Bloodlines
30:26 Plate Barding Armor
30:27 Iron Casting
31:09 Chemistry
31:08 Paladin
33:58 Crop Rotation
34:30 Two-Man Saw
35:56 Stone Mining
36:17 Guilds
36:12 Caravan
36:43 Hand Cart
渡鸦family
1:01 Loom
11:54 Feudal Age
19:21 Castle Age
18:43 Double-Bit Axe
18:43 Horse Collar
19:27 Town Watch
33:47 Imperial Age
31:59 Bow Saw
33:28 Chemistry
33:07 Wheelbarrow
33:10 Scale Mail Armor
33:21 Forging
33:29 Pikeman
34:12 Squires
33:58 Arson
35:46 Conscription
35:24 Houfnice
36:38 Halberdier
37:35 Chain Mail Armor
37:55 Iron Casting
37:38 Hand Cart
39:32 Siege Engineers
41:03 Blast Furnace
40:34 Plate Mail Armor
41:15 Wagenburg Tactics
42:07 Town Patrol
妈妈。
0:46 Loom
14:52 Feudal Age
15:10 Man-at-Arms
21:42 Double-Bit Axe
24:55 Town Watch
29:55 Castle Age
白木
5:05 Double-Bit Axe
7:09 Horse Collar
11:30 Feudal Age
15:50 Castle Age
15:29 Bow Saw
15:55 Scale Barding Armor
16:38 Gold Mining
19:48 Heavy Plow
23:23 Chain Barding Armor
24:39 Forging
24:11 Cavalier
24:44 Loom
25:46 Husbandry
25:56 Gold Mining
28:56 Gold Shaft Mining
29:24 Wheelbarrow
31:06 Iron Casting
33:43 Imperial Age
33:43 Two-Man Saw
36:13 Chemistry
35:57 Plate Barding Armor
34:50 Paladin
36:52 Blast Furnace
37:49 Hand Cart
37:28 Stone Mining
38:11 Crop Rotation
40:35 Coinage
42:39 Banking
GemGem27
0:31 Loom
14:35 Feudal Age
26:35 Horse Collar
28:55 Double-Bit Axe
29:20 Fletching
33:58 Castle Age
33:34 Gold Mining
33:37 Stone Mining
33:34 Crossbowman
34:11 Bodkin Arrow
236223212
0:54 Loom
12:31 Feudal Age
17:12 Castle Age
15:30 Double-Bit Axe
16:19 Horse Collar
20:06 Bow Saw
22:43 Fletching
23:34 Wheelbarrow
25:09 Hand Cart
26:17 Town Watch
28:12 Stone Mining
28:13 Gold Mining
31:53 Imperial Age
30:06 Gold Shaft Mining
29:35 Heavy Plow
31:57 Bodkin Arrow
32:03 Padded Archer Armor
33:15 Conscription
33:03 Bracer
33:31 Yeomen
34:13 Masonry
35:04 Chemistry
35:17 Guilds
34:38 Elite Longbowman
36:02 Leather Archer Armor
36:51 Two-Man Saw
36:41 Ballistics
36:27 Siege Engineers
36:53 Architecture
36:03 Treadmill Crane
36:22 Crossbowman
Monkey killer
10:51 Feudal Age
16:25 Castle Age
14:22 Double-Bit Axe
15:38 Horse Collar
17:41 Bow Saw
19:15 Wheelbarrow
24:14 Heavy Plow
24:42 Hand Cart
24:28 Gold Mining
25:38 Loom
27:10 Gold Shaft Mining
26:26 Stone Mining
27:29 Town Watch
28:16 Forging
28:11 Scale Barding Armor
28:07 Scale Mail Armor
31:20 Imperial Age
29:57 Iron Casting
29:17 Fletching
29:27 Padded Archer Armor
29:50 Ballistics
30:59 Chain Mail Armor
31:04 Chain Barding Armor
32:12 Town Patrol
33:26 Blast Furnace
33:16 Bloodlines
33:06 Husbandry
32:27 Cavalier
34:26 Coinage
34:50 Stone Shaft Mining
34:47 Crop Rotation
35:21 Two-Man Saw
33:49 Elite War Elephant
34:51 Conscription
34:41 Kamandaran
35:38 Savar
36:45 Crossbowman
37:38 Thumb Ring
38:53 Plate Mail Armor
38:59 Plate Barding Armor
38:39 Leather Archer Armor
38:19 Bodkin Arrow
39:48 Bodkin Arrow
Rpt
5:16 Loom
13:44 Feudal Age
15:02 Stone Mining
17:32 Castle Age
15:43 Double-Bit Axe
18:35 Scale Mail Armor
18:46 Forging
26:53 Iron Casting
28:55 Chain Mail Armor
28:45 Horse Collar
34:00 Imperial Age
33:16 Wheelbarrow
32:29 Town Watch
Connection lost

Rejoining the realm…

Still unreachable

The connection could not be restored.

Session expired

The server has moved on; the page needs a fresh start.